 Dungeon Crawl Stone Soup version 0.17-a0-1650-gce8475a (webtiles) character file.

192 Gorice the Sneak (level 5, -15/27 HPs)
             Began as a Spriggan Wanderer on Aug 13, 2015.
             Killed from afar by a hobgoblin (20 damage)
             ... with a wand of lightning
             ... on level 3 of the Dungeon.
             The game lasted 00:18:58 (3134 turns).

Gorice the Sneak (Spriggan Wanderer)                Turns: 3134, Time: 00:18:59

Health: -15/27     AC:  2    Str: 10    XL:     5   Next: 42%
Magic:  7/7        EV: 18    Int: 15    God:
Gold:   205        SH:  0    Dex: 13    Spells: 0 memorised, 4 levels left

rFire  . . .     SeeInvis +     a - +4 trident (freeze)
rCold  . . .     Clarity  .     c - +0 robe
rNeg   + . .     SustAt   .     (shield restricted)
rPois  .         Gourm    .     (helmet restricted)
rElec  .         Spirit   .     (no cloak)
rCorr  .         Warding  .     (gloves unavailable)
rMut   .         Stasis   .     (boots unavailable)
MR     .....                    (no amulet)
Stlth  ++++......               s - ring of stealth
                                m - ring of positive energy

@: very quick, not resistant to hostile enchantments, stealthy
A: unfitting armour, see invisible, herbivore 3, speed 3, slow metabolism 2
a: no special abilities


You were on level 3 of the Dungeon.
You were not hungry.

You visited 1 branch of the dungeon, and saw 3 of its levels.
You also visited: Sewer.

You collected 205 gold pieces.

Inventory:

Hand weapons
 a - a +4 trident of freezing (weapon)
   (You took it off Terence on level 2 of the Dungeon)
 b - a +2 shortbow
 d - a +0 dagger
 r - a +0 short sword
Missiles
 f - 8 poisoned needles
 h - 21 sling bullets
 k - 19 bolts
 w - 8 arrows
 Z - 11 stones (quivered)
Armour
 c - a +0 robe (worn)
Jewellery
 m - a ring of positive energy (left hand)
 s - a ring of stealth (right hand)
Scrolls
 g - a scroll of recharging
 j - a scroll of identify
 u - a scroll of teleportation {!r}
 x - a scroll of magic mapping {unknown}
Potions
 l - a potion of agility {!q}
 n - 5 potions of curing
 o - a potion of heal wounds {!q}
 p - 2 potions of flight
 q - a potion of ambrosia {!q}
 v - a potion of resistance {!q}
Comestibles
 e - 3 bread rations {!e}
 i - 7 fruits
 t - a slice of pizza


   Skills:
 - Level 2.4 Fighting
 + Level 4.2 Bows
 - Level 1.1 Throwing
 + Level 4.0 Dodging
 + Level 5.0 Stealth
 - Level 2.4 Unarmed Combat
   Level 1.3 Evocations


You had 4 spell levels left.
You didn't know any spells.

Dungeon Overview and Level Annotations

Branches:
Dungeon (3/15)

Altars:
Makhleb
Nemelex Xobeh


Innate Abilities, Weirdness & Mutations

You are tiny and cannot use many weapons and most armour.
You have supernaturally acute eyesight.
You are a herbivore.
You cover ground extremely quickly.
You need consume almost no food.


Message History

a - a +4 trident of freezing (weapon)
The adder closely misses you.
You barely miss the adder.
The adder is severely wounded.
The adder closely misses you.
You barely miss the adder.
The adder is severely wounded.
The adder bites you but does no damage. The adder misses you.
You completely miss the adder.
The adder is severely wounded.
The adder misses you. x2
You closely miss the adder.
The adder is severely wounded.
The adder closely misses you.
You puncture the adder! You freeze the adder.
You kill the adder!
Your Stealth skill increases to level 5!
You are alive.
Your movement speed is very quick.
Your attack speed is quite slow.
You are not resistant to hostile enchantments.
You feel stealthy.
Your +4 trident of freezing stops glowing.
b - a +2 shortbow (weapon)
w - 7 arrows (gained 1)
w - 8 arrows (gained 1)
w - 9 arrows (gained 1)
w - 10 arrows (gained 1)
Found a stone staircase leading down.
Found a sparkling altar of Nemelex Xobeh.
A hobgoblin comes into view. It is wielding a club.
There is a stone staircase leading down here.
Firing (i - inventory. (,) - cycle):
w - 10 arrows (quivered)
Press: ? - help, Shift-Dir - straight line, f - hobgoblin
Aim: a hobgoblin, wielding a club (hasn't noticed you)
You shoot an arrow. The hobgoblin shouts!
The arrow hits the hobgoblin.
The hobgoblin is lightly wounded.
Firing (i - inventory. (,) - cycle):
w - 9 arrows (quivered)
Press: ? - help, Shift-Dir - straight line, f/p - hobgoblin
Aim: a hobgoblin, wielding a club (lightly wounded)
You shoot an arrow. The arrow barely misses the hobgoblin.
It glows with a cold blue light!
a - a +4 trident of freezing (weapon)
The hobgoblin zaps a wand.
The bolt of lightning hits you!
Ouch! That really hurt!
* * * LOW HITPOINT WARNING * * *
The bolt of lightning hits you!
Ouch! That really hurt!
You die...

######### .........
..... #....##.... ....
#....# .... ... #....#
... ##.. #....# #.# #..
#....# #.### #.#
#....####...####.#
...............>@#
#..).####...###..g.'_'..
#.#####...### #..#######
..# #.#######..#
..#####..........######
.......................
..#############......#
..# #......# # #.#
#......#.#


You could see a hobgoblin.

Vanquished Creatures
  A big kobold (Sewer)
  Terence (D:2)
  4 adders
  A river rat (Sewer)
  3 worms
  4 orcs (D:3)
  A ball python (D:3)
  6 hobgoblins
  2 jackals (Sewer)
  10 kobolds
  6 bats
  2 giant cockroaches (D:3)
  2 giant newts
  4 goblins
  11 rats
58 creatures vanquished.

Notes
Turn   | Place    | Note
--------------------------------------------------------------
     0 | D:1      | Gorice the Spriggan Wanderer began the quest for the Orb.
     0 | D:1      | Gorice set off with: a +2 shortbow, 32 arrows, a +0 robe, a potion of curing, a bread ration {!e}
     0 | D:1      | Reached XP level 1. HP: 11/11 MP: 3/3
   376 | D:1      | Reached skill level 1 in Dodging
   519 | D:1      | Reached skill level 1 in Stealth
   626 | D:1      | Reached XP level 2. HP: 11/16 MP: 4/4
  1044 | D:2      | Reached skill level 2 in Dodging
  1087 | D:2      | Reached skill level 2 in Stealth
  1233 | D:2      | Reached skill level 3 in Bows
  1233 | D:2      | Reached XP level 3. HP: 15/19 MP: 5/5
  1337 | D:2      | Found a burning altar of Makhleb.
  1876 | D:2      | Noticed Terence
  2092 | D:2      | Killed Terence
  2092 | D:2      | Reached skill level 3 in Stealth
  2211 | D:3      | Reached XP level 4. HP: 19/23 MP: 6/6
  2261 | D:3      | Reached skill level 3 in Dodging
  2394 | D:3      | Reached skill level 4 in Stealth
  2576 | D:3      | Found a glowing drain.
  2589 | Sewer    | Entered a sewer
  2712 | Sewer    | Noticed a big kobold
  2745 | Sewer    | Killed a big kobold
  2745 | Sewer    | Reached skill level 4 in Bows
  2745 | Sewer    | Reached XP level 5. HP: 18/27 MP: 7/7
  2835 | Sewer    | Found a white marble altar of Elyvilon.
  3024 | D:3      | Reached skill level 4 in Dodging
  3082 | D:3      | Reached skill level 5 in Stealth
  3128 | D:3      | Found a sparkling altar of Nemelex Xobeh.
  3134 | D:3      | HP: 5/27 [hobgoblin/wand of lightning (22)]
  3134 | D:3      | Killed from afar by a hobgoblin

Vault maps used:
D:1:      minmay_arrival_shoal_huts
D:2:      lightli_temple_of_fire, first_bread, kennysheep_another_room,
          uniq_terence
D:3:      lemuel_doored_altar, portal_sewer_entry_b
Sewer:    sewer_kobolds

Action                   |  1- 3 |  4- 6 || total
-------------------------+-------+-------++-------
Melee: Unarmed           |     5 |       ||     5
       Trident           |       |    25 ||    25
 Fire: Shortbow          |    93 |    79 ||   172
  Use: Scroll            |     8 |     1 ||     9
       Potion            |       |     1 ||     1
 Stab: Sleeping          |       |     1 ||     1

Table legend:
 A = Turns spent in this place as a percentage of turns spent in the entire game.
 B = Non-inter-level travel turns spent in this place as a percentage of non-inter-level travel turns spent in the entire game.
 C = Inter-level travel turns spent in this place as a percentage of turns spent in this place.
 D = Turns resting spent in this place as a percentage of non-inter-level travel turns spent in this place.
 E = Turns spent auto-exploring this place as a percentage of non-inter-level travel turns spent in this place.
 F = Non-inter-level travel turns spent in this place divided by the number of levels of this place that you've seen.
                   A       B       C       D       E      F
               +-------+-------+-------+-------+-------+----------------------
         Total | 100.0 | 100.0 |   0.3 |   1.3 |   4.4 | 322.5
       Dungeon |  82.7 |  82.6 |   0.4 |   1.2 |   5.2 | 355.3
         Sewer |  17.3 |  17.4 |   0.0 |   1.8 |   0.9 | 224.0
               +-------+-------+-------+-------+-------+----------------------

Vault maps used:
D:1:      minmay_arrival_shoal_huts
D:2:      lightli_temple_of_fire, first_bread, kennysheep_another_room,
          uniq_terence
D:3:      lemuel_doored_altar, portal_sewer_entry_b
Sewer:    sewer_kobolds
